 Dungeon Crawl Stone Soup version 0.30-a0-996-ga6910c8ee8 (webtiles) character file.

Game seed: 5797119473782016906

25 Zeldest the Ducker (level 2, -1/24 HPs)
             Began as a Vampire Monk on Apr 4, 2023.
             Succumbed to a goblin's poison
             ... on level 1 of the Dungeon.
             The game lasted 00:01:32 (652 turns).

Zeldest the Ducker (Vampire Monk)                    Turns: 652, Time: 00:01:33

Health: -1/24      AC:  2    Str: 10    XL:     2   Next: 86%
Magic:  2/2        EV: 13    Int: 12    God:
Gold:   81         SH:  0    Dex: 16    Spells: 1/1 levels left

rFire   . . .      SeeInvis +      - Unarmed
rCold   . . .      Faith    .    (no shield)
rNeg    . . .      Spirit   .    a - +0 robe
rPois   .          Reflect  .    (no helmet)
rElec   .          Rampage  .    (no cloak)
rCorr   .                        (no gloves)
Will    +....                    (no boots)
Stlth   ++                       (no amulet)
HPRegen 0.44/turn                g - ring of willpower
MPRegen 0.08/turn                (no ring)

@: lethally poisoned (-1 -> -11), healing quickly
A: alive, fangs 3, see invisible, vampiric 1
a: Exsanguinate


You were on level 1 of the Dungeon.
You visited 1 branch of the dungeon, and saw 2 of its levels.

You collected 81 gold pieces.

Inventory:

Armour
 a - a +0 robe (worn)
Jewellery
 g - a ring of willpower (left hand)
Scrolls
 c - a scroll of immolation {unknown}
 f - a scroll of amnesia {unknown}
Potions
 b - a potion of ambrosia
 d - a potion of heal wounds {unknown}
 e - a potion of lignification {unknown}


   Skills:
 + Level 3.2 Fighting
 + Level 4.0 Dodging
 - Level 3.0 Stealth
 - Level 3.2 Unarmed Combat


You had one spell level left.
You didn't know any spells.
Your spell library was empty.

Dungeon Overview and Level Annotations

Branches:
Dungeon (2/15) Zot: 11352

Altars:

Annotations:
D:2 Robin


Innate Abilities, Weirdness & Mutations

Your natural rate of healing is accelerated.
You have razor-sharp teeth.
You have supernaturally acute eyesight. (SInv)
You are afflicted with vampirism.


Message History

You hear a shout! x2
Robin of the Strong Arm comes into view.
They are wielding a +0 mace.
A goblin comes into view. It is wielding a +0 club.
You hear a shout!
You barely miss the goblin.
You hear a shout!
Robin throws the goblin at you! The goblin completely misses you.
The goblin shouts!
The goblin hits you with a +0 dagger. The goblin attacks as you move away!
The goblin hits you with a +0 dagger. The goblin attacks as you move away!
The goblin hits you but does no damage.
You are poisoned.
You feel sick.
You feel sick.
You feel sick.
You feel sick.
You feel sick.
You feel sick.
You feel sick.
You are no longer poisoned.
The goblin attacks as you move away! The goblin closely misses you.
The goblin attacks as you move away!
The goblin hits you with a +0 dagger of venom.
The goblin attacks as you move away! The goblin closely misses you.
The goblin attacks as you move away! The goblin completely misses you.
The goblin attacks as you move away!
The goblin hits you with a +0 dagger of venom.
You are poisoned.
You feel sick.
You feel sick.
You feel sick.
The goblin hits you with a +0 dagger of venom.
* * * LOW HITPOINT WARNING * * *
You are lethally poisoned!
There is a stone staircase leading up here.
* * * LOW HITPOINT WARNING * * *
You feel very sick. The goblin closely misses you.
You climb upwards.
You die...

.#.......#...### #.# #.####
............#### #.# #....###
..[..#......#..#####.## ####..#.
............#.........# ####...
.#.......#...###..##..# ###.....#
.#......>#...# ##.##..###.......#
.###...###...# #.##...##..######
............#####g.#.#..).[#
............#...@..#.##.#.##
#...###...#######....##...###
#.###.###.# ##..........# #.....#
#.# ##...#......# #####.# #.##
##......###..####
#.###..#####...............##
#..###.......##...######.#...
######.##...###>###..#######.#...
.................[...............


You could see a goblin.

Vanquished Creatures
  A dart slug (D:1)
  A ball python (D:1)
  3 bats
  An endoplasm (D:1)
  2 giant cockroaches
  5 goblins (D:1)
  A hobgoblin (D:1)
  2 kobolds (D:1)
  2 quokkas (D:1)
  A frilled lizard (D:2)
  A rat (D:1)
20 creatures vanquished.

Notes
Turn   | Place    | Note
-------+----------+-------------------------------------------
     0 | D:1      | Zeldest the Vampire Monk began the quest for the Orb.
     0 | D:1      | Reached XP level 1. HP: 17/17 MP: 1/1
   143 | D:1      | Reached XP level 2. HP: 21/24 MP: 2/2
   625 | D:2      | Reached skill level 4 in Dodging
   629 | D:2      | Noticed Robin
   652 | D:1      | Succumbed to a goblin's poison

Illustrated notes

Levels and vault maps discovered:
D:1:      minmay_arrival_open_corners, layout_rooms
D:2:      layout_loops_corners, glass_columns_a, nicolae_titane, uniq_robin,
          uniq_terence

Skill      XL: |  1  2 |
---------------+-------+-----
Fighting       | 3 |  3.2
Dodging        | 4 |  4.0
Stealth        | |  3.0
Unarmed Combat | |  3.2

Action                     || total
---------------------------++-------
  Melee: Unarmed           ||    62
         Bite              ||     2
         Punch             ||     1
   Stab: Sleeping          ||     3
 Armour: Robe              ||    14
  Dodge: Dodged            ||    47

Table legend: (Time is in decaauts)
 A = Elapsed time spent in this place.
 B = Non-inter-level travel time spent in this place.
 C = Inter-level travel time spent in this place.
 D = Time resting spent in this place.
 E = Time spent auto-exploring this place.
 F = Levels seen in this place.
 G = Mean time per level.
                   A        B        C        D        E       F      G
               +--------+--------+--------+--------+--------+-----+--------+
         Total |    647 |    629 |     18 |     45 |    408 |   2 |  323.5 |
       Dungeon |    647 |    629 |     18 |     45 |    408 |   2 |  323.5 |
               +--------+--------+--------+--------+--------+-----+--------+

Top non-repeatable levels by time:
     D:1: 601 daAuts
     D:2: 46 daAuts
